HBL
TUCSON TARANTULAS @ SAN ANTONIO MISSIONS
06/04/1997
 
TOP OF THE 1ST
Tucson Tarantulas batting - Pitching for San Antonio Missions : RHP Jack Armstrong
Pitching: RHP Jack Armstrong
Batting: RHB Ray Holbert 0-0: Foul Ball, location: 2F
0-1: Swinging Strike
0-2: Ball
1-2: Strikes out swinging
Batting: LHB Ray McDavid 0-0: SINGLE (Line Drive, 6M, EV 99.4 MPH)
Batting: SHB Bip Roberts 0-0: Ball
1-0: Swinging Strike
1-1: Swinging Strike
1-2: SINGLE (Groundball, 4D, EV 110.6 MPH)
Ray McDavid to second
Batting: RHB Andres Galarraga 0-0: Called Strike
0-1: Swinging Strike
0-2: Ball
1-2: Strikes out swinging
Batting: RHB Dave McCarty 0-0: Ball
1-0: Ball
2-0: Foul Ball, location: 2F
2-1: Swinging Strike
2-2: Strikes out swinging
Top of the 1st over - 0 runs, 2 hits, 0 errors, 2 left on base; Tucson 0 - San Antonio 0
BOTTOM OF THE 1ST
San Antonio Missions batting - Pitching for Tucson Tarantulas : RHP Bob Wolcott
Pitching: RHP Bob Wolcott
Batting: LHB David Hulse 0-0: Ball
1-0: Called Strike
1-1: Swinging Strike
1-2: Ball
2-2: Strikes out swinging
Batting: RHB Eric Owens 0-0: Ball
1-0: Foul Ball, location: 2F
1-1: Fly out, F9 (Flyball, 9S, EV 71.9 MPH)
Batting: RHB Damian Jackson 0-0: Called Strike
0-1: Ground out 4-3 (Groundball, 4, EV 86.9 MPH)
Bottom of the 1st over - 0 runs, 0 hits, 0 errors, 0 left on base; Tucson 0 - San Antonio 0
TOP OF THE 2ND
Tucson Tarantulas batting - Pitching for San Antonio Missions : RHP Jack Armstrong
Batting: RHB Jack Voigt 0-0: Ball
1-0: Called Strike
1-1: Foul Ball, location: 2F
1-2: Strikes out swinging
Batting: SHB Matt Walbeck 0-0: Ball
1-0: Foul Ball, location: 2F
1-1: Foul Ball, location: 2F
1-2: Ball
2-2: Foul Ball, location: 2F
2-2: Ground out 4-3 (Groundball, 4, EV 90.0 MPH)
Batting: SHB Hanley Frias 0-0: Ball
1-0: Ground out 4-3 (Groundball, 4, EV 79.4 MPH)
Top of the 2nd over - 0 runs, 0 hits, 0 errors, 0 left on base; Tucson 0 - San Antonio 0
BOTTOM OF THE 2ND
San Antonio Missions batting - Pitching for Tucson Tarantulas : RHP Bob Wolcott
Batting: RHB Orlando Miller 0-0: Ball
1-0: SOLO HOME RUN (Flyball, 78XD, EV 105.0 MPH), Distance : 411 ft
Batting: RHB David Green 0-0: Called Strike
0-1: Foul Ball, location: 2F
0-2: Foul Ball, location: 2F
0-2: Fly out, F8 (Flyball, 8RM, EV 66.3 MPH)
Batting: SHB Bill Doran 0-0: Fly out, F9 (Flyball, 9LS, EV 94.4 MPH)
Batting: RHB Kelly Stinnett 0-0: Called Strike
0-1: Swinging Strike
0-2: Strikes out swinging
Bottom of the 2nd over - 1 run, 1 hit, 0 errors, 0 left on base; Tucson 0 - San Antonio 1
TOP OF THE 3RD
Tucson Tarantulas batting - Pitching for San Antonio Missions : RHP Jack Armstrong
Batting: RHB Ralph Milliard 0-0: Ball
1-0: Fly out, F8 (Flyball, 78D, EV 94.4 MPH)
Batting: RHB Ray Holbert 0-0: Ball
1-0: Ball
2-0: Ball
3-0: Called Strike
3-1: Foul Ball, location: 2F
3-2: Base on Balls
Batting: LHB Ray McDavid 0-0: Ball
1-0: Foul Ball, location: 2F
1-1: Foul Ball, location: 2F
1-2: Ball
2-2: Fly out, F7 (Flyball, 7S, EV 89.4 MPH)
Batting: SHB Bip Roberts 0-0: Foul Ball, location: 2F
0-1: Ball
1-1: Ball
2-1: Called Strike
2-2: Foul Ball, location: 2F
2-2: Foul Ball, location: 2F
2-2: Foul Ball, location: 2F
2-2: Ground out 4-3 (Groundball, 34, EV 80.0 MPH)
Top of the 3rd over - 0 runs, 0 hits, 0 errors, 1 left on base; Tucson 0 - San Antonio 1
BOTTOM OF THE 3RD
San Antonio Missions batting - Pitching for Tucson Tarantulas : RHP Bob Wolcott
Batting: RHB Luis Sojo 0-0: Ball
1-0: Called Strike
1-1: Called Strike
1-2: Ball
2-2: Strikes out swinging
Batting: RHB Mike Difelice 0-0: Called Strike
0-1: Ball
1-1: Ball
2-1: Called Strike
2-2: Strikes out swinging
Batting: LHB David Hulse 0-0: Called Strike
0-1: Ball
1-1: Fly out, F8 (Line Drive, 8RM, EV 96.9 MPH)
Bottom of the 3rd over - 0 runs, 0 hits, 0 errors, 0 left on base; Tucson 0 - San Antonio 1
TOP OF THE 4TH
Tucson Tarantulas batting - Pitching for San Antonio Missions : RHP Jack Armstrong
Batting: RHB Andres Galarraga 0-0: Called Strike
0-1: Called Strike
0-2: Foul Ball, location: 2F
0-2: Strikes out swinging, 2-3 out at first.
Batting: RHB Dave McCarty 0-0: Ball
1-0: Foul Ball, location: 2F
1-1: Foul Ball, location: 2F
1-2: Strikes out swinging
Batting: RHB Jack Voigt 0-0: Ball
1-0: Ball
2-0: Foul Ball, location: 2F
2-1: Foul Ball, location: 2F
2-2: Strikes out swinging
Top of the 4th over - 0 runs, 0 hits, 0 errors, 0 left on base; Tucson 0 - San Antonio 1
BOTTOM OF THE 4TH
San Antonio Missions batting - Pitching for Tucson Tarantulas : RHP Bob Wolcott
Batting: RHB Eric Owens 0-0: Called Strike
0-1: Fly out, F7 (Line Drive, 7, EV 90.6 MPH)
Batting: RHB Damian Jackson 0-0: Ball
1-0: Swinging Strike
1-1: Ball
2-1: Ball
3-1: Called Strike
3-2: Base on Balls
Batting: RHB Orlando Miller 0-0: Called Strike
0-1: Ball
1-1: Called Strike
1-2: Ball
2-2: Foul Ball, location: 2F
2-2: Foul Ball, location: 2F
2-2: Fly out, F9 (Flyball, 89D, EV 84.4 MPH)
Batting: RHB David Green 0-0: Foul Ball, location: 2F
0-1: Hit by Pitch
Damian Jackson to second
Batting: SHB Bill Doran 0-0: Called Strike
0-1: Foul Ball, location: 2F
0-2: Ball
1-2: Ball
2-2: Ball
3-2: Foul Ball, location: 2F
3-2: SINGLE (Groundball, 34D, EV 109.4 MPH)
Damian Jackson to third
David Green to second
Damian Jackson scores
David Green to third
Batting: RHB Kelly Stinnett 0-0: Called Strike
0-1: Ball
1-1: Ball
2-1: Ball
3-1: Fielders Choice at 2nd, 5-4 (Groundball, 56, EV 90.0 MPH)
Bottom of the 4th over - 1 run, 1 hit, 0 errors, 2 left on base; Tucson 0 - San Antonio 2
TOP OF THE 5TH
Tucson Tarantulas batting - Pitching for San Antonio Missions : RHP Jack Armstrong
Batting: SHB Matt Walbeck 0-0: Called Strike
0-1: Ball
1-1: Called Strike
1-2: Foul Ball, location: 2F
1-2: Ball
2-2: Foul Ball, location: 2F
2-2: Foul Ball, location: 2F
2-2: Foul Ball, location: 2F
2-2: Foul Ball, location: 2F
2-2: Ground out 4-3 (Groundball, 4S, EV 89.4 MPH)
Batting: SHB Hanley Frias 0-0: Ball
1-0: Ball
2-0: Fly out, F9 (Flyball, 89M, EV 85.6 MPH)
Batting: RHB Ralph Milliard 0-0: Called Strike
0-1: Foul Ball, location: 2F
0-2: Strikes out swinging
Top of the 5th over - 0 runs, 0 hits, 0 errors, 0 left on base; Tucson 0 - San Antonio 2
BOTTOM OF THE 5TH
San Antonio Missions batting - Pitching for Tucson Tarantulas : RHP Bob Wolcott
Batting: RHB Luis Sojo 0-0: Ball
1-0: Called Strike
1-1: Called Strike
1-2: Fly out, F8 (Line Drive, 8RD, EV 98.8 MPH)
Batting: RHB Mike Difelice 0-0: Foul Ball, location: 2F
0-1: Reached on error, E6 (Groundball, 6, EV 98.1 MPH)
Batting: LHB David Hulse 0-0: Ball
1-0: Ground out 3-1 (Groundball, 34, EV 86.9 MPH)
Mike Difelice to second
Batting: RHB Eric Owens 0-0: Ball
1-0: Ball
2-0: Foul Ball, location: 2F
2-1: Ground out 1-3 (Groundball, 13, EV 68.8 MPH)
Bottom of the 5th over - 0 runs, 0 hits, 1 error, 1 left on base; Tucson 0 - San Antonio 2
TOP OF THE 6TH
Tucson Tarantulas batting - Pitching for San Antonio Missions : RHP Jack Armstrong
Batting: RHB Ray Holbert 0-0: Swinging Strike
0-1: Foul Ball, location: 2F
0-2: Ball
1-2: Strikes out swinging
Batting: LHB Ray McDavid 0-0: Called Strike
0-1: Ball
1-1: Swinging Strike
1-2: Ball
2-2: Ball
3-2: Strikes out swinging
Batting: SHB Bip Roberts 0-0: Ball
1-0: Foul Ball, location: 2F
1-1: Ground out 5-3 (Groundball, 5, EV 85.0 MPH)
Top of the 6th over - 0 runs, 0 hits, 0 errors, 0 left on base; Tucson 0 - San Antonio 2
BOTTOM OF THE 6TH
San Antonio Missions batting - Pitching for Tucson Tarantulas : RHP Bob Wolcott
Batting: RHB Damian Jackson 0-0: Ball
1-0: Ball
2-0: Called Strike
2-1: Ball
3-1: Called Strike
3-2: SINGLE (Flyball, 8LS, EV 88.8 MPH)
Batting: RHB Orlando Miller 0-0: Ball
1-0: Foul Ball, location: 2F
1-1: Ball
2-1: 2-RUN HOME RUN (Flyball, 7D, EV 91.9 MPH), Distance : 376 ft
Batting: RHB David Green 0-0: Fly out, F9 (Flyball, 9S, EV 88.8 MPH)
Batting: SHB Bill Doran 0-0: Ball
1-0: Fly out, F7 (Flyball, 7D, EV 97.5 MPH)
Batting: RHB Kelly Stinnett 0-0: Called Strike
0-1: Ball
1-1: Fly out, F7 (Flyball, 78D, EV 97.5 MPH)
Bottom of the 6th over - 2 runs, 2 hits, 0 errors, 0 left on base; Tucson 0 - San Antonio 4
TOP OF THE 7TH
Tucson Tarantulas batting - Pitching for San Antonio Missions : RHP Jack Armstrong
Batting: RHB Andres Galarraga 0-0: Called Strike
0-1: Called Strike
0-2: Strikes out looking
Batting: RHB Dave McCarty 0-0: Ball
1-0: Ground out 1-3 (Groundball, 34S, EV 79.4 MPH)
Batting: RHB Jack Voigt 0-0: Ball
1-0: SINGLE (Groundball, 56D, EV 110.6 MPH)
Batting: SHB Matt Walbeck 0-0: Fly out, F9 (Flyball, 9LS, EV 97.5 MPH)
Top of the 7th over - 0 runs, 1 hit, 0 errors, 1 left on base; Tucson 0 - San Antonio 4
BOTTOM OF THE 7TH
San Antonio Missions batting - Pitching for Tucson Tarantulas : RHP Bob Wolcott
Batting: RHB Luis Sojo 0-0: Called Strike
0-1: Foul Ball, location: 2F
0-2: Ball
1-2: Fly out, F9 (Flyball, 9, EV 87.5 MPH)
Batting: RHB Mike Difelice 0-0: Called Strike
0-1: Foul Ball, location: 2F
0-2: Ball
1-2: Ball
2-2: Foul Ball, location: 2F
2-2: Foul Ball, location: 2F
2-2: Strikes out swinging
Batting: LHB David Hulse 0-0: Swinging Strike
0-1: Fly out, F7 (Flyball, 7, EV 86.9 MPH)
Bottom of the 7th over - 0 runs, 0 hits, 0 errors, 0 left on base; Tucson 0 - San Antonio 4
TOP OF THE 8TH
Tucson Tarantulas batting - Pitching for San Antonio Missions : RHP Jack Armstrong
Batting: SHB Hanley Frias 0-0: Ball
1-0: Foul Ball, location: 2F
1-1: Foul Ball, location: 2F
1-2: Ball
2-2: Ground out U3 (Groundball, 34S, EV 81.9 MPH)
Batting: RHB Ralph Milliard 0-0: Ball
1-0: Ball
2-0: Called Strike
2-1: Ground out 4-3 (Groundball, 4, EV 107.5 MPH)
Batting: RHB Ray Holbert 0-0: Ball
1-0: Fly out, F8 (Flyball, 8LD, EV 92.5 MPH)
Top of the 8th over - 0 runs, 0 hits, 0 errors, 0 left on base; Tucson 0 - San Antonio 4
BOTTOM OF THE 8TH
San Antonio Missions batting - Pitching for Tucson Tarantulas : RHP Bob Wolcott
Batting: RHB Eric Owens 0-0: DOUBLE (Line Drive, 5D, EV 96.3 MPH)
Batting: RHB Damian Jackson 0-0: Called Strike
0-1: Swinging Strike
0-2: Strikes out swinging
Pitching: RHP Tim VanEgmond
Batting: RHB Orlando Miller 0-0: Called Strike
0-1: Ball
1-1: Ground out 4-3 (Groundball, 4, EV 104.4 MPH)
Eric Owens to third
Batting: RHB David Green 0-0: 2-RUN HOME RUN (Flyball, 7D, EV 88.1 MPH), Distance : 370 ft
Batting: SHB Bill Doran 0-0: Called Strike
0-1: Ball
1-1: Ball
2-1: Fly out, F8 (Line Drive, 8LD, EV 108.1 MPH)
Bottom of the 8th over - 2 runs, 2 hits, 0 errors, 0 left on base; Tucson 0 - San Antonio 6
TOP OF THE 9TH
Tucson Tarantulas batting - Pitching for San Antonio Missions : RHP Jack Armstrong
Batting: LHB Ray McDavid 0-0: Ball
1-0: Fly out, F8 (Flyball, 8LXD, EV 91.3 MPH)
Batting: SHB Bip Roberts 0-0: Ball
1-0: Swinging Strike
1-1: SINGLE (Groundball, 6MD, EV 105.0 MPH)
Pitching: RHP Brooks Kieschnick
Batting: RHB Andres Galarraga 0-0: Ball
Wild Pitch!
Bip Roberts to second
1-0: Fly out, F9 (Flyball, 9LSF, EV 91.3 MPH)
Batting: RHB Dave McCarty 0-0: Called Strike
0-1: Ball
Wild Pitch!
Bip Roberts to third
1-1: Foul Ball, location: 2F
1-2: Foul Ball, location: 2F
1-2: Strikes out looking
Top of the 9th over - 0 runs, 1 hit, 0 errors, 1 left on base; Tucson 0 - San Antonio 6
Thursday, February 19th, 2026 - OOTP Baseball 20.8 Build 74